Sasquatch vs Saguenéens
Created - 4 février 2017 at 20:38
Goals
|
| Sasquatch |
0 |
1 |
1 |
2 |
| Saguenéens |
2 |
1 |
4 |
7 |
|
Shots
|
| Sasquatch |
8 |
19 |
12 |
39 |
| Saguenéens |
13 |
12 |
8 |
33 |
|
1st period
1. Saguenéens , Spencer Machacek 18 (Brett Lebda) at 13:53
2. Saguenéens , Tyler Kennedy 43 (Erik Haula, Dalton Prout) at 17:13 (PP)
Penalties :
Nick Leddy (Gat) for Hooking (Minor) at 16:02
2nd period
3. Sasquatch , Nick Leddy 6 (Linus Omark, Lars Eller) at 3:44 (PP)
4. Saguenéens , Carl Hagelin 8 (Spencer Machacek, Oscar Klefbom) at 4:33
Penalties :
Rickard Rakell (Chi) for Tripping (Minor) at 3:34
3rd period
5. Saguenéens , Tyler Kennedy 44 (Brett Lebda, Mason Raymond) at 2:16
6. Saguenéens , Spencer Machacek 19 (Tim Kennedy, Rickard Rakell) at 5:35
7. Sasquatch , Josh Bailey 11 (Jonathan Blum, James Wisniewski) at 11:16
8. Saguenéens , Sam Carrick 2 (Craig Cunningham, Oscar Klefbom) at 13:33
9. Saguenéens , Tyler Kennedy 45 (Erik Haula) at 13:46
Penalties :
Rickard Rakell (Chi) for Interference (Minor) at 3:15, Andy Andreoff (Gat) for Holding (Minor) at 14:22
Goalie Stats
Jake Allen (Gat), 26 saves from 33 shots - (0,788), L, 3-4-1, 60:00 minutes
Mike Smith (Chi), 37 saves from 39 shots - (0,949), W, 23-13-3, 60:00 minutes
Players Stats for Sasquatch
Player Name G A P +/- PIM S H SB GA TA FO MP PP MP PK MP
------------------------------------------------------------------------------------
Andrej Sustr 0 0 0 -4 0 1 2 1 0 0 0/0 20:45 0:00 1:47
Andy Andreoff 0 0 0 -3 2 0 0 0 0 0 0/0 10:22 0:00 0:03
Brock Trotter 0 0 0 0 0 2 1 1 0 0 1/1 16:01 1:02 0:46
Drew Shore 0 0 0 -3 0 4 3 0 1 1 3/5 11:48 0:00 1:41
Garnet Hathaway 0 0 0 0 0 2 0 0 0 1 0/0 14:05 0:00 0:00
James Wisniewski 0 1 1 0 0 1 2 2 0 0 0/0 17:42 1:06 1:02
Jason Akeson 0 0 0 0 0 0 1 0 2 1 1/4 18:25 1:07 0:00
Jesper Fast 0 0 0 -3 0 1 0 0 0 0 0/0 10:07 0:00 0:00
Jonathan Blum 0 1 1 0 0 2 2 1 1 0 0/0 23:17 1:03 2:08
Josh Bailey 1 0 1 0 0 3 0 0 0 0 13/29 17:18 0:00 0:00
Lars Eller 0 1 1 0 0 1 2 1 2 0 10/13 15:56 1:07 0:44
Linus Omark 0 1 1 0 0 9 2 1 3 1 0/1 20:37 1:07 1:08
Michal Jordan 0 0 0 -1 0 2 1 1 0 0 0/0 16:36 0:00 1:02
Nick Leddy 1 0 1 -4 2 7 1 3 0 1 0/0 24:56 1:03 0:21
Ryan Strome 0 0 0 -2 0 0 2 0 0 0 0/0 13:02 1:02 0:00
Stephane Da Costa 0 0 0 -2 0 4 0 0 1 0 5/5 14:34 1:02 0:21
Teemu Hartikainen 0 0 0 -2 0 0 1 0 0 0 0/0 14:34 0:00 1:37
Yannick Weber 0 0 0 -1 0 0 0 1 0 0 0/0 16:43 1:06 0:00
Players Stats for Saguenéens
Player Name G A P +/- PIM S H SB GA TA FO MP PP MP PK MP
------------------------------------------------------------------------------------
Brendan Ranford 0 0 0 0 0 0 0 0 0 0 0/1 0:57 0:00 0:48
Brett Lebda 0 2 2 3 0 2 5 1 0 0 0/0 23:43 1:57 0:59
Brody Sutter 0 0 0 0 0 0 0 0 0 0 0/0 0:00 0:00 0:00
Carl Hagelin 1 0 1 1 0 5 1 0 0 1 0/0 11:02 0:00 0:00
Craig Cunningham 0 1 1 1 0 1 1 2 0 1 1/1 10:39 0:00 0:57
Dalton Prout 0 1 1 0 0 1 0 4 0 1 0/0 18:47 1:13 1:10
Erik Haula 0 2 2 2 0 2 0 1 1 1 14/27 22:09 1:50 0:28
Jerry D'Amigo 0 0 0 1 0 0 2 0 1 0 0/0 9:42 0:00 0:00
Juraj Mikus 0 0 0 1 0 1 1 0 1 0 5/14 15:17 1:20 0:00
Justin Florek 0 0 0 0 0 0 0 0 0 0 0/0 0:13 0:13 0:00
Kevin Marshall 0 0 0 3 0 0 0 3 0 0 0/0 23:43 1:57 0:59
Luke Witkowski 0 0 0 2 0 1 1 1 0 0 0/0 11:09 0:00 0:00
Mason Raymond 0 1 1 2 0 5 0 1 0 1 1/3 22:19 1:50 0:38
Nick Mattson 0 0 0 0 0 0 0 1 0 1 0/0 6:21 0:00 0:00
Oscar Klefbom 0 2 2 2 0 0 0 0 0 0 0/0 11:09 0:00 0:00
Rickard Rakell 0 1 1 1 4 1 0 1 0 0 2/6 11:09 0:00 0:00
Roman Josi 0 0 0 0 0 1 0 3 0 1 0/0 18:47 1:13 1:10
Sam Carrick 1 0 1 1 0 1 0 1 0 0 0/1 10:13 0:00 0:31
Spencer Machacek 2 1 3 1 0 4 1 0 1 0 0/1 15:17 1:20 0:00
Teemu Pulkkinen 0 0 0 0 0 0 0 0 0 0 0/0 0:32 0:00 0:32
Tim Kennedy 0 1 1 1 0 0 4 0 0 0 0/0 15:17 1:20 0:00
Trevor Van Riemsdyk 0 0 0 0 0 0 0 0 0 0 0/0 6:21 0:00 0:00
Tyler Kennedy 3 0 3 2 0 7 4 0 1 2 2/4 22:01 1:37 0:24
Tyler Pitlick 0 0 0 1 0 1 1 0 0 1 0/0 11:02 0:00 0:00
3 Stars
1 - Tyler Kennedy (Chi)
2 - Spencer Machacek (Chi)
3 - Brett Lebda (Chi)
Power Play
Sasquatch - 1 on 2 Attempt(s) - 50,00%
Saguenéens - 1 on 2 Attempt(s) - 50,00%
Penalty Kill
Sasquatch - 1 on 2 Attempt(s) - 50,00%
- Score 0 goal in Penalty Kill
Saguenéens - 1 on 2 Attempt(s) - 50,00%
- Score 0 goal in Penalty Kill
Team Stat
Sasquatch - Hits : 20 - Faceoff Wins : 33 - Blocked Shots : 12 - Penalty Minutes : 4
Saguenéens - Hits : 21 - Faceoff Wins : 25 - Blocked Shots : 19 - Penalty Minutes : 4
Official
Referees : Hebert Ghislain and Hasenfratz Mike
Linesman : Shane Heyer and David Brisebois
Game Notes
2:16 of 3rd period - Saguenéens goal is going for a video replay. After video review, Goal.
Tyler Kennedy has scored a Hat Trick!
Finance
Level 1 -- Attendance: 1453 (72,65%) -- Ticket Income 58 120 $
Level 2 -- Attendance: 753 (75,30%) -- Ticket Income 15 060 $
Total Attendance: 2206 (73,53%)
Total Ticket Income: 73 180 $
Other Income: 3 659 $
Total Income: 76 839 $
Sasquatch
5 vs 5 Forward
Center Left Wing Right Wing Time % Phy DF OF
1 Josh Bailey Linus Omark Jason Akeson 40 1 2 2
2 Lars Eller Brock Trotter Garnet Hathaway 30 1 2 2
3 Stephane Da Costa Teemu Hartikainen Ryan Strome 20 1 2 2
4 Drew Shore Andy Andreoff Jesper Fast 10 1 2 2
5 vs 5 Defense
Defense Defense Time % Phy DF OF
1 Nick Leddy Andrej Sustr 40 1 2 2
2 James Wisniewski Jonathan Blum 30 1 2 2
3 Michal Jordan Yannick Weber 20 1 2 2
4 Jonathan Blum Nick Leddy 10 1 2 2
PowerPlay Forward
Center Left Wing Right Wing Time % Phy DF OF
1 Lars Eller Linus Omark Jason Akeson 60 1 2 2
2 Stephane Da Costa Brock Trotter Ryan Strome 40 1 2 2
PowerPlay Defense
Defense Defense Time % Phy DF OF
1 Nick Leddy Jonathan Blum 60 1 2 2
2 Yannick Weber James Wisniewski 40 1 2 2
Penalty Kill 4 Players Forward
Center Wing Time % Phy DF OF
1 Drew Shore Teemu Hartikainen 60 1 2 2
2 Lars Eller Linus Omark 40 1 2 2
Penalty Kill 4 Players Defense
Defense Defense Time % Phy DF OF
1 Jonathan Blum Andrej Sustr 60 1 2 2
2 James Wisniewski Michal Jordan 40 1 2 2
Penalty Kill - 3 Players Forward
Forward Time % Phy DF OF
1 Lars Eller 60 1 2 2
2 Drew Shore 40 1 2 2
Penalty Kill - 3 Players Defense
Defense Defense Time % Phy DF OF
1 Michal Jordan Andrej Sustr 60 1 2 2
2 James Wisniewski Jonathan Blum 40 1 2 2
4 vs 4 Forward
Center Wing Time % Phy DF OF
1 Josh Bailey Brock Trotter 60 1 2 2
2 Stephane Da Costa Linus Omark 40 1 2 2
4 vs 4 Defense
Defense Defense Time % Phy DF OF
1 Andrej Sustr Nick Leddy 60 1 2 2
2 Yannick Weber Jonathan Blum 40 1 2 2
Last Minutes Offensive
Center Left Wing Right Wing Defense Defense
Stephane Da Costa Linus Omark Jason Akeson Nick Leddy Jonathan Blum
Last Minutes Defensive
Center Left Wing Right Wing Defense Defense
Drew Shore Linus Omark Garnet Hathaway James Wisniewski Andrej Sustr
Goaltenders
Starting : Jake Allen
Backup : Corey Crawford
Extra Forwards
Normal : Teemu Hartikainen, Drew Shore, Brock Trotter - PP : Josh Bailey, Linus Omark - PK : Brock Trotter
Extra Defensemen
Normal : Jonathan Blum, Yannick Weber, James Wisniewski - PP : Andrej Sustr - PK : Nick Leddy, Yannick Weber
Penalty Shots
Linus Omark, Lars Eller, Jason Akeson, Ryan Strome, James Wisniewski
Saguenéens
5 vs 5 Forward
Center Left Wing Right Wing Time % Phy DF OF
1 Erik Haula Mason Raymond Tyler Kennedy 40 1 2 2
2 Juraj Mikus Tim Kennedy Spencer Machacek 30 1 2 2
3 Rickard Rakell Carl Hagelin Tyler Pitlick 20 1 2 2
4 Sam Carrick Craig Cunningham Jerry D'Amigo 10 1 2 2
5 vs 5 Defense
Defense Defense Time % Phy DF OF
1 Brett Lebda Kevin Marshall 40 1 2 2
2 Dalton Prout Roman Josi 30 1 2 2
3 Luke Witkowski Oscar Klefbom 20 1 2 2
4 Nick Mattson Trevor Van Riemsdyk 10 1 2 2
PowerPlay Forward
Center Left Wing Right Wing Time % Phy DF OF
1 Erik Haula Mason Raymond Tyler Kennedy 60 1 2 2
2 Juraj Mikus Tim Kennedy Spencer Machacek 40 1 2 2
PowerPlay Defense
Defense Defense Time % Phy DF OF
1 Brett Lebda Kevin Marshall 60 1 2 2
2 Dalton Prout Roman Josi 40 1 2 2
Penalty Kill 4 Players Forward
Center Wing Time % Phy DF OF
1 Tyler Kennedy Mason Raymond 60 1 2 2
2 Erik Haula Spencer Machacek 40 1 2 2
Penalty Kill 4 Players Defense
Defense Defense Time % Phy DF OF
1 Brett Lebda Kevin Marshall 60 1 2 2
2 Dalton Prout Roman Josi 40 1 2 2
Penalty Kill - 3 Players Forward
Forward Time % Phy DF OF
1 Tyler Kennedy 60 1 2 2
2 Mason Raymond 40 1 2 2
Penalty Kill - 3 Players Defense
Defense Defense Time % Phy DF OF
1 Brett Lebda Kevin Marshall 60 1 2 2
2 Dalton Prout Roman Josi 40 1 2 2
4 vs 4 Forward
Center Wing Time % Phy DF OF
1 Tyler Kennedy Mason Raymond 60 1 2 2
2 Erik Haula Spencer Machacek 40 1 2 2
4 vs 4 Defense
Defense Defense Time % Phy DF OF
1 Brett Lebda Kevin Marshall 60 1 2 2
2 Dalton Prout Roman Josi 40 1 2 2
Last Minutes Offensive
Center Left Wing Right Wing Defense Defense
Erik Haula Mason Raymond Tyler Kennedy Brett Lebda Kevin Marshall
Last Minutes Defensive
Center Left Wing Right Wing Defense Defense
Erik Haula Mason Raymond Tyler Kennedy Brett Lebda Kevin Marshall
Goaltenders
Starting : Mike Smith
Backup : Martin Jones
Extra Forwards
Normal : Justin Florek, Teemu Pulkkinen, Brendan Ranford - PP : Justin Florek, Teemu Pulkkinen - PK : Brendan Ranford
Extra Defensemen
Normal : Luke Witkowski, Oscar Klefbom, Nick Mattson - PP : Luke Witkowski - PK : Oscar Klefbom, Nick Mattson
Penalty Shots
Tyler Kennedy, Mason Raymond, Erik Haula, Spencer Machacek, Tyler Pitlick
% Time on Ice - Sasquatch
Lines # - Real PCT - Wanted PCT - Time Play
Normal Forward
1 - 34% - 40% - 18:29
2 - 26% - 30% - 14:13
3 - 22% - 20% - 11:52
4 - 19% - 10% - 10:07
Normal Defense
1 - 37% - 40% - 20:09
2 - 28% - 30% - 15:34
3 - 28% - 20% - 15:34
4 - 6% - 10% - 3:24
PP Forward
1 - 52% - 60% - 1:07
2 - 48% - 40% - 1:02
PP Defense
1 - 49% - 60% - 1:03
2 - 51% - 40% - 1:06
PK Forward
1 - 77% - 60% - 2:26
2 - 23% - 40% - 0:44
PK Defense
1 - 67% - 60% - 2:08
2 - 33% - 40% - 1:02
PK3 Forward
1 - 0% - 60%
2 - 0% - 40%
PK3 Defense
1 - 0% - 60%
2 - 0% - 40%
44 Forward
1 - 0% - 60%
2 - 0% - 40%
44 Defense
1 - 0% - 60%
2 - 0% - 40%
Last Minute Offensive - 0:00
Last Minute Defensive - 0:00
Total
Forward - 60:00
Defense - 60:00
|
% Time on Ice - Saguenéens
Lines # - Real PCT - Wanted PCT - Time Play
Normal Forward
1 - 37% - 40% - 20:00
2 - 26% - 30% - 13:57
3 - 20% - 20% - 11:02
4 - 18% - 10% - 9:42
Normal Defense
1 - 38% - 40% - 20:47
2 - 30% - 30% - 16:24
3 - 20% - 20% - 11:09
4 - 12% - 10% - 6:21
PP Forward
1 - 58% - 60% - 1:50
2 - 42% - 40% - 1:20
PP Defense
1 - 62% - 60% - 1:57
2 - 38% - 40% - 1:13
PK Forward
1 - 100% - 60% - 2:09
2 - 0% - 40% - 0:00
PK Defense
1 - 46% - 60% - 0:59
2 - 54% - 40% - 1:10
PK3 Forward
1 - 0% - 60%
2 - 0% - 40%
PK3 Defense
1 - 0% - 60%
2 - 0% - 40%
44 Forward
1 - 0% - 60%
2 - 0% - 40%
44 Defense
1 - 0% - 60%
2 - 0% - 40%
Last Minute Offensive - 0:00
Last Minute Defensive - 0:00
Total
Forward - 60:00
Defense - 60:00
|
Play by Play
1st period
0:01 of 1st period - Josh Bailey wins face-off versus Erik Haula in neutral zone.
0:04 of 1st period - Snap shot by Linus Omark.
0:04 of 1st period - Shot Hit the Post.
0:06 of 1st period - Slapshot by Nick Leddy.
0:06 of 1st period - Deflect By Kevin Marshall.
0:06 of 1st period - Stopped by Mike Smith with a rebound.
0:33 of 1st period - Snap shot by Brock Trotter.
0:33 of 1st period - Stopped by Mike Smith without a rebound.
0:34 of 1st period - Stephane Da Costa wins face-off versus Rickard Rakell in Saguenéens zone.
0:47 of 1st period - Wrist shot by Jonathan Blum.
0:47 of 1st period - Shot Misses the Net.
0:49 of 1st period - Slapshot by James Wisniewski.
0:49 of 1st period - Stopped by Mike Smith without a rebound.
0:50 of 1st period - Craig Cunningham wins face-off versus Drew Shore in Saguenéens zone.
1:05 of 1st period - Slapshot by Drew Shore.
1:05 of 1st period - Stopped by Mike Smith without a rebound.
1:06 of 1st period - Josh Bailey wins face-off versus Spencer Machacek in Saguenéens zone.
1:09 of 1st period - Wrist shot by Jason Akeson.
1:09 of 1st period - Shot Blocked by Nick Mattson.
2:30 of 1st period - Wrist shot by Linus Omark.
2:30 of 1st period - Shot Misses the Net.
2:46 of 1st period - Snap shot by Craig Cunningham.
2:46 of 1st period - Shot Misses the Net.
2:48 of 1st period - Slapshot by Roman Josi.
2:48 of 1st period - Deflect By Jerry D'Amigo.
2:48 of 1st period - Shot Blocked by Yannick Weber.
2:48 of 1st period - Puck is out of play.
2:49 of 1st period - Tyler Kennedy wins face-off versus Lars Eller in Sasquatch zone.
2:56 of 1st period - Wrist shot by Tyler Kennedy.
2:56 of 1st period - Stopped by Jake Allen without a rebound.
2:57 of 1st period - Lars Eller wins face-off versus Erik Haula in Sasquatch zone.
3:10 of 1st period - Snap shot by Mason Raymond.
3:10 of 1st period - Shot Misses the Net.
3:40 of 1st period - Snap shot by Tyler Kennedy.
3:40 of 1st period - Stopped by Jake Allen without a rebound.
3:41 of 1st period - Stephane Da Costa wins face-off versus Juraj Mikus in Sasquatch zone.
4:08 of 1st period - Jonathan Blum is hit by Carl Hagelin and loses puck.
4:53 of 1st period - Off-side.
4:54 of 1st period - Tyler Kennedy wins face-off versus Drew Shore in neutral zone.
5:46 of 1st period - Wrist shot by Brock Trotter.
5:46 of 1st period - Shot Blocked by Dalton Prout.
6:43 of 1st period - Snap shot by Juraj Mikus.
6:43 of 1st period - Shot Misses the Net.
7:02 of 1st period - Off-side.
7:03 of 1st period - Josh Bailey wins face-off versus Rickard Rakell in neutral zone.
7:10 of 1st period - Wrist shot by Josh Bailey.
7:10 of 1st period - Stopped by Mike Smith without a rebound.
7:11 of 1st period - Josh Bailey wins face-off versus Erik Haula in Saguenéens zone.
7:48 of 1st period - Slapshot by Mason Raymond.
7:48 of 1st period - Stopped by Jake Allen without a rebound.
7:49 of 1st period - Lars Eller wins face-off versus Juraj Mikus in Sasquatch zone.
7:49 of 1st period - Lars Eller is hit by Tim Kennedy.
8:46 of 1st period - Slapshot by Craig Cunningham.
8:46 of 1st period - Stopped by Jake Allen with a rebound.
9:17 of 1st period - Off-side.
9:18 of 1st period - Lars Eller wins face-off versus Juraj Mikus in neutral zone.
9:25 of 1st period - Wrist shot by Brock Trotter.
9:25 of 1st period - Shot Misses the Net.
10:19 of 1st period - Slapshot by Brett Lebda.
10:19 of 1st period - Stopped by Jake Allen with a rebound.
10:35 of 1st period - James Wisniewski is hit by Brett Lebda and loses puck.
11:12 of 1st period - Slapshot by Mason Raymond.
11:12 of 1st period - Shot Blocked by Nick Leddy.
11:14 of 1st period - Wrist shot by Mason Raymond.
11:14 of 1st period - Stopped by Jake Allen without a rebound.
11:15 of 1st period - Erik Haula wins face-off versus Josh Bailey in Sasquatch zone.
12:05 of 1st period - Jesper Fast is hit by Tyler Kennedy and loses puck.
12:34 of 1st period - Yannick Weber is hit by Spencer Machacek and loses puck.
13:53 of 1st period - Snap shot by Spencer Machacek.
13:53 of 1st period - Goal by Spencer Machacek - Sasquatch : 0 - Saguenéens : 1.
13:54 of 1st period - Juraj Mikus wins face-off versus Josh Bailey in neutral zone.
14:19 of 1st period - Dalton Prout is hit by Ryan Strome and loses puck.
14:30 of 1st period - Slapshot by Nick Leddy.
14:30 of 1st period - Stopped by Mike Smith without a rebound.
14:31 of 1st period - Erik Haula wins face-off versus Josh Bailey in Saguenéens zone.
14:38 of 1st period - Slapshot by Mason Raymond.
14:38 of 1st period - Deflect By Tyler Kennedy.
14:38 of 1st period - Stopped by Jake Allen with a rebound.
14:40 of 1st period - Backhand shot by Tyler Kennedy.
14:40 of 1st period - Shot Blocked by James Wisniewski.
14:42 of 1st period - Slapshot by Brett Lebda.
14:42 of 1st period - Deflect By Tyler Kennedy.
14:42 of 1st period - Shot Blocked by James Wisniewski.
14:42 of 1st period - Puck is out of play.
14:43 of 1st period - Brock Trotter wins face-off versus Erik Haula in Sasquatch zone.
14:59 of 1st period - Wrist shot by Mason Raymond.
14:59 of 1st period - Shot Blocked by Lars Eller.
15:13 of 1st period - Wrist shot by Lars Eller.
15:13 of 1st period - Deflect By Garnet Hathaway.
15:13 of 1st period - Shot Blocked by Rickard Rakell.
15:13 of 1st period - Puck is out of play.
15:14 of 1st period - Rickard Rakell wins face-off versus Josh Bailey in Saguenéens zone.
15:47 of 1st period - Snap shot by Erik Haula.
15:47 of 1st period - Stopped by Jake Allen without a rebound.
15:48 of 1st period - Erik Haula wins face-off versus Josh Bailey in Sasquatch zone.
15:57 of 1st period - Wrist shot by Mason Raymond.
15:57 of 1st period - Stopped by Jake Allen without a rebound.
15:58 of 1st period - Erik Haula wins face-off versus Jason Akeson in Sasquatch zone.
16:02 of 1st period - Minor Penalty to Nick Leddy for Hooking.
16:03 of 1st period - Drew Shore wins face-off versus Erik Haula in Sasquatch zone.
16:11 of 1st period - Snap shot by Teemu Hartikainen.
16:11 of 1st period - Shot Misses the Net.
16:13 of 1st period - Slapshot by Andrej Sustr.
16:13 of 1st period - Shot Blocked by Mason Raymond.
17:13 of 1st period - Snap shot by Tyler Kennedy.
17:13 of 1st period - Goal by Tyler Kennedy - Sasquatch : 0 - Saguenéens : 2.
17:14 of 1st period - Josh Bailey wins face-off versus Juraj Mikus in neutral zone.
17:23 of 1st period - Snap shot by Linus Omark.
17:23 of 1st period - Stopped by Mike Smith with a rebound.
17:39 of 1st period - Garnet Hathaway is hit by Brett Lebda.
18:29 of 1st period - Snap shot by Drew Shore.
18:29 of 1st period - Stopped by Mike Smith without a rebound.
18:30 of 1st period - Josh Bailey wins face-off versus Erik Haula in Saguenéens zone.
19:10 of 1st period - Tim Kennedy is hit by Lars Eller and loses puck.
19:29 of 1st period - Snap shot by Juraj Mikus.
19:29 of 1st period - Stopped by Jake Allen without a rebound.
19:30 of 1st period - Rickard Rakell wins face-off versus Josh Bailey in Sasquatch zone.
19:31 of 1st period - Snap shot by Carl Hagelin.
19:31 of 1st period - Stopped by Jake Allen without a rebound.
19:32 of 1st period - Josh Bailey wins face-off versus Erik Haula in Sasquatch zone.
19:39 of 1st period - Snap shot by Linus Omark.
19:39 of 1st period - Shot Blocked by Kevin Marshall.
19:41 of 1st period - Wrist shot by Linus Omark.
19:41 of 1st period - Shot Misses the Net.
Goals for this period are 0 for Sasquatch vs 2 for Saguenéens.
Shots for this period are 8 for Sasquatch vs 13 for Saguenéens.
2nd period
0:01 of 2nd period - Jason Akeson wins face-off versus Erik Haula in neutral zone.
0:34 of 2nd period - Wrist shot by Garnet Hathaway.
0:34 of 2nd period - Shot Misses the Net.
0:36 of 2nd period - Snap shot by Garnet Hathaway.
0:36 of 2nd period - Stopped by Mike Smith without a rebound.
0:37 of 2nd period - Josh Bailey wins face-off versus Erik Haula in Saguenéens zone.
0:46 of 2nd period - Michal Jordan is hit by Tyler Kennedy and loses puck.
1:03 of 2nd period - Brett Lebda is hit by Michal Jordan and loses puck.
1:50 of 2nd period - Wrist shot by Tyler Kennedy.
1:50 of 2nd period - Shot Blocked by Nick Leddy.
1:52 of 2nd period - Snap shot by Erik Haula.
1:52 of 2nd period - Shot Misses the Net.
1:54 of 2nd period - Wrist shot by Erik Haula.
1:54 of 2nd period - Stopped by Jake Allen with a rebound.
1:56 of 2nd period - Slapshot by Dalton Prout.
1:56 of 2nd period - Stopped by Jake Allen without a rebound.
1:57 of 2nd period - Josh Bailey wins face-off versus Juraj Mikus in Sasquatch zone.
2:11 of 2nd period - Luke Witkowski is hit by James Wisniewski and loses puck.
2:26 of 2nd period - Icing by Mason Raymond.
2:27 of 2nd period - Erik Haula wins face-off versus Lars Eller in Saguenéens zone.
2:37 of 2nd period - Wrist shot by Brock Trotter.
2:37 of 2nd period - Stopped by Mike Smith with a rebound.
2:39 of 2nd period - Slapshot by Michal Jordan.
2:39 of 2nd period - Stopped by Mike Smith without a rebound.
2:40 of 2nd period - Erik Haula wins face-off versus Josh Bailey in Saguenéens zone.
2:47 of 2nd period - Snap shot by Nick Leddy.
2:47 of 2nd period - Shot Blocked by Dalton Prout.
2:49 of 2nd period - Slapshot by Andrej Sustr.
2:49 of 2nd period - Shot Misses the Net.
2:51 of 2nd period - Slapshot by Jason Akeson.
2:51 of 2nd period - Shot Misses the Net.
2:53 of 2nd period - Slapshot by Nick Leddy.
2:53 of 2nd period - Stopped by Mike Smith without a rebound.
2:54 of 2nd period - Lars Eller wins face-off versus Juraj Mikus in Saguenéens zone.
3:34 of 2nd period - Minor Penalty to Rickard Rakell for Tripping.
3:35 of 2nd period - Lars Eller wins face-off versus Tyler Kennedy in Saguenéens zone.
3:36 of 2nd period - Wrist shot by Linus Omark.
3:36 of 2nd period - Shot Blocked by Kevin Marshall.
3:38 of 2nd period - Wrist shot by Lars Eller.
3:38 of 2nd period - Deflect By Linus Omark.
3:38 of 2nd period - Stopped by Mike Smith without a rebound.
3:39 of 2nd period - Lars Eller wins face-off versus Tyler Kennedy in Saguenéens zone.
3:42 of 2nd period - Slapshot by Nick Leddy.
3:42 of 2nd period - Shot Misses the Net.
3:44 of 2nd period - Backhand shot by Nick Leddy.
3:44 of 2nd period - Goal by Nick Leddy - Sasquatch : 1 - Saguenéens : 2.
3:45 of 2nd period - Erik Haula wins face-off versus Josh Bailey in neutral zone.
4:12 of 2nd period - Kevin Marshall is hit by Brock Trotter and loses puck.
4:33 of 2nd period - Slapshot by Carl Hagelin.
4:33 of 2nd period - Goal by Carl Hagelin - Sasquatch : 1 - Saguenéens : 3.
4:34 of 2nd period - Erik Haula wins face-off versus Josh Bailey in neutral zone.
4:37 of 2nd period - Wrist shot by Brett Lebda.
4:37 of 2nd period - Stopped by Jake Allen with a rebound.
4:41 of 2nd period - Slapshot by Tyler Kennedy.
4:41 of 2nd period - Stopped by Jake Allen with a rebound.
5:08 of 2nd period - Off-side.
5:09 of 2nd period - Lars Eller wins face-off versus Rickard Rakell in neutral zone.
5:14 of 2nd period - Wrist shot by Lars Eller.
5:14 of 2nd period - Stopped by Mike Smith without a rebound.
5:15 of 2nd period - Josh Bailey wins face-off versus Mason Raymond in Saguenéens zone.
5:16 of 2nd period - Slapshot by Linus Omark.
5:16 of 2nd period - Stopped by Mike Smith with a rebound.
6:11 of 2nd period - Snap shot by Roman Josi.
6:11 of 2nd period - Shot Misses the Net.
6:59 of 2nd period - Slapshot by Jonathan Blum.
6:59 of 2nd period - Shot Misses the Net.
7:05 of 2nd period - Slapshot by Brock Trotter.
7:05 of 2nd period - Shot Misses the Net.
7:07 of 2nd period - Slapshot by Nick Leddy.
7:07 of 2nd period - Stopped by Mike Smith with a rebound.
7:09 of 2nd period - Wrist shot by Garnet Hathaway.
7:09 of 2nd period - Stopped by Mike Smith without a rebound.
7:10 of 2nd period - Stephane Da Costa wins face-off versus Erik Haula in Saguenéens zone.
7:13 of 2nd period - Backhand shot by Stephane Da Costa.
7:13 of 2nd period - Shot Misses the Net.
7:15 of 2nd period - Slapshot by Stephane Da Costa.
7:15 of 2nd period - Stopped by Mike Smith without a rebound.
7:16 of 2nd period - Stephane Da Costa wins face-off versus Erik Haula in Saguenéens zone.
7:44 of 2nd period - Tyler Kennedy is hit by Ryan Strome and loses puck.
7:57 of 2nd period - Wrist shot by Stephane Da Costa.
7:57 of 2nd period - Stopped by Mike Smith with a rebound.
7:59 of 2nd period - Slapshot by Michal Jordan.
7:59 of 2nd period - Stopped by Mike Smith without a rebound.
8:00 of 2nd period - Josh Bailey wins face-off versus Juraj Mikus in Saguenéens zone.
8:50 of 2nd period - Luke Witkowski is hit by Drew Shore and loses puck.
8:59 of 2nd period - Michal Jordan is hit by Jerry D'Amigo and loses puck.
9:30 of 2nd period - Yannick Weber is hit by Tim Kennedy and loses puck.
9:45 of 2nd period - Wrist shot by Carl Hagelin.
9:45 of 2nd period - Stopped by Jake Allen without a rebound.
9:46 of 2nd period - Lars Eller wins face-off versus Rickard Rakell in Sasquatch zone.
10:12 of 2nd period - Jason Akeson is hit by Tyler Kennedy and loses puck.
11:01 of 2nd period - Snap shot by Drew Shore.
11:01 of 2nd period - Stopped by Mike Smith with a rebound.
11:23 of 2nd period - Snap shot by Jason Akeson.
11:23 of 2nd period - Shot Blocked by Roman Josi.
11:25 of 2nd period - Wrist shot by Jason Akeson.
11:25 of 2nd period - Shot Blocked by Roman Josi.
11:27 of 2nd period - Slapshot by Linus Omark.
11:27 of 2nd period - Shot Misses the Net.
11:29 of 2nd period - Slapshot by Nick Leddy.
11:29 of 2nd period - Stopped by Mike Smith with a rebound.
11:31 of 2nd period - Slapshot by Andrej Sustr.
11:31 of 2nd period - Stopped by Mike Smith with a rebound.
12:04 of 2nd period - Snap shot by Jesper Fast.
12:04 of 2nd period - Shot Hit the Post.
12:20 of 2nd period - Wrist shot by Linus Omark.
12:20 of 2nd period - Stopped by Mike Smith with a rebound.
12:22 of 2nd period - Snap shot by Josh Bailey.
12:22 of 2nd period - Shot Misses the Net.
12:24 of 2nd period - Wrist shot by Jason Akeson.
12:24 of 2nd period - Shot Blocked by Dalton Prout.
13:17 of 2nd period - Nick Leddy is hit by Tim Kennedy and loses puck.
13:38 of 2nd period - Carl Hagelin is hit by Nick Leddy.
14:13 of 2nd period - Wrist shot by Tyler Kennedy.
14:13 of 2nd period - Shot Misses the Net.
14:57 of 2nd period - Tyler Pitlick is hit by Drew Shore and loses puck.
15:16 of 2nd period - Carl Hagelin is hit by Andrej Sustr and loses puck.
15:29 of 2nd period - Slapshot by Brett Lebda.
15:29 of 2nd period - Shot Misses the Net.
15:31 of 2nd period - Snap shot by Tyler Pitlick.
15:31 of 2nd period - Shot Blocked by Andrej Sustr.
15:33 of 2nd period - Backhand shot by Carl Hagelin.
15:33 of 2nd period - Stopped by Jake Allen with a rebound.
15:43 of 2nd period - Snap shot by Carl Hagelin.
15:43 of 2nd period - Stopped by Jake Allen with a rebound.
15:45 of 2nd period - Slapshot by Luke Witkowski.
15:45 of 2nd period - Stopped by Jake Allen with a rebound.
15:47 of 2nd period - Wrist shot by Tyler Pitlick.
15:47 of 2nd period - Stopped by Jake Allen with a rebound.
15:49 of 2nd period - Snap shot by Rickard Rakell.
15:49 of 2nd period - Stopped by Jake Allen without a rebound.
15:50 of 2nd period - Josh Bailey wins face-off versus Erik Haula in Sasquatch zone.
17:01 of 2nd period - Erik Haula is hit by Lars Eller and loses puck.
17:36 of 2nd period - Jerry D'Amigo is hit by Teemu Hartikainen.
17:42 of 2nd period - Snap shot by Teemu Hartikainen.
17:42 of 2nd period - Shot Misses the Net.
17:56 of 2nd period - Craig Cunningham is hit by Drew Shore and loses puck.
18:01 of 2nd period - Snap shot by Drew Shore.
18:01 of 2nd period - Shot Misses the Net.
18:03 of 2nd period - Snap shot by Jesper Fast.
18:03 of 2nd period - Shot Blocked by Sam Carrick.
18:05 of 2nd period - Slapshot by Jonathan Blum.
18:05 of 2nd period - Stopped by Mike Smith with a rebound.
18:20 of 2nd period - Rickard Rakell is hit by Jonathan Blum and loses puck.
18:49 of 2nd period - Slapshot by Roman Josi.
18:49 of 2nd period - Stopped by Jake Allen with a rebound.
19:46 of 2nd period - Slapshot by Drew Shore.
19:46 of 2nd period - Stopped by Mike Smith without a rebound.
19:47 of 2nd period - Juraj Mikus wins face-off versus Josh Bailey in Saguenéens zone.
19:52 of 2nd period - Slapshot by Juraj Mikus.
19:52 of 2nd period - Shot Blocked by Nick Leddy.
Goals for this period are 1 for Sasquatch vs 1 for Saguenéens.
Shots for this period are 19 for Sasquatch vs 12 for Saguenéens.
3rd period
0:01 of 3rd period - Mason Raymond wins face-off versus Linus Omark in neutral zone.
0:16 of 3rd period - Mason Raymond is hit by Andrej Sustr and loses puck.
1:17 of 3rd period - James Wisniewski is hit by Tyler Kennedy and loses puck.
1:52 of 3rd period - Mason Raymond is hit by James Wisniewski and loses puck.
2:01 of 3rd period - Tyler Kennedy is hit by Jonathan Blum and loses puck.
2:14 of 3rd period - Snap shot by Tyler Kennedy.
2:14 of 3rd period - Shot Misses the Net.
2:16 of 3rd period - Slapshot by Tyler Kennedy.
2:16 of 3rd period - Saguenéens goal is going for a video replay.
2:16 of 3rd period - The goal is good.
2:16 of 3rd period - Goal by Tyler Kennedy - Sasquatch : 1 - Saguenéens : 4.
2:17 of 3rd period - Juraj Mikus wins face-off versus Jason Akeson in neutral zone.
2:20 of 3rd period - Wrist shot by Spencer Machacek.
2:20 of 3rd period - Shot Blocked by Linus Omark.
3:07 of 3rd period - Brock Trotter is hit by Tyler Pitlick and loses puck.
3:15 of 3rd period - Minor Penalty to Rickard Rakell for Interference.
3:16 of 3rd period - Lars Eller wins face-off versus Brendan Ranford in Saguenéens zone.
3:16 of 3rd period - Wrist shot by Linus Omark.
3:16 of 3rd period - Shot Misses the Net.
4:06 of 3rd period - Slapshot by Roman Josi.
4:06 of 3rd period - Shot Misses the Net.
4:08 of 3rd period - Wrist shot by Teemu Pulkkinen.
4:08 of 3rd period - Shot Misses the Net.
5:02 of 3rd period - Icing by Yannick Weber.
5:03 of 3rd period - Stephane Da Costa wins face-off versus Mason Raymond in Sasquatch zone.
5:15 of 3rd period - Penalty to Rickard Rakell is over, Rickard Rakell is back on ice.
5:16 of 3rd period - James Wisniewski is hit by Brett Lebda and loses puck.
5:33 of 3rd period - Snap shot by Tim Kennedy.
5:33 of 3rd period - Deflect By Spencer Machacek.
5:33 of 3rd period - Stopped by Jake Allen with a rebound.
5:35 of 3rd period - Snap shot by Spencer Machacek.
5:35 of 3rd period - Goal by Spencer Machacek - Sasquatch : 1 - Saguenéens : 5.
5:36 of 3rd period - Erik Haula wins face-off versus Josh Bailey in neutral zone.
5:51 of 3rd period - Erik Haula is hit by Linus Omark and loses puck.
6:48 of 3rd period - Off-side.
6:49 of 3rd period - Drew Shore wins face-off versus Sam Carrick in neutral zone.
6:51 of 3rd period - James Wisniewski is hit by Luke Witkowski and loses puck.
7:15 of 3rd period - Tyler Kennedy is hit by Linus Omark and loses puck.
9:01 of 3rd period - Garnet Hathaway is hit by Juraj Mikus and loses puck.
9:07 of 3rd period - Andrej Sustr is hit by Brett Lebda and loses puck.
10:01 of 3rd period - Slapshot by Andrej Sustr.
10:01 of 3rd period - Shot Misses the Net.
10:27 of 3rd period - Wrist shot by Juraj Mikus.
10:27 of 3rd period - Shot Blocked by Brock Trotter.
10:33 of 3rd period - Wrist shot by Spencer Machacek.
10:33 of 3rd period - Stopped by Jake Allen without a rebound.
10:34 of 3rd period - Erik Haula wins face-off versus Josh Bailey in Sasquatch zone.
10:35 of 3rd period - Snap shot by Tyler Kennedy.
10:35 of 3rd period - Shot Blocked by Jonathan Blum.
10:45 of 3rd period - Wrist shot by Josh Bailey.
10:45 of 3rd period - Stopped by Mike Smith without a rebound.
10:46 of 3rd period - Erik Haula wins face-off versus Josh Bailey in Saguenéens zone.
10:57 of 3rd period - Snap shot by Linus Omark.
10:57 of 3rd period - Stopped by Mike Smith with a rebound.
10:59 of 3rd period - Snap shot by Jonathan Blum.
10:59 of 3rd period - Stopped by Mike Smith without a rebound.
11:00 of 3rd period - Juraj Mikus wins face-off versus Josh Bailey in Saguenéens zone.
11:05 of 3rd period - Josh Bailey is hit by Tim Kennedy and loses puck.
11:12 of 3rd period - Snap shot by James Wisniewski.
11:12 of 3rd period - Shot Blocked by Brett Lebda.
11:14 of 3rd period - Slapshot by Jonathan Blum.
11:14 of 3rd period - Shot Misses the Net.
11:16 of 3rd period - Slapshot by Josh Bailey.
11:16 of 3rd period - Goal by Josh Bailey - Sasquatch : 2 - Saguenéens : 5.
11:17 of 3rd period - Erik Haula wins face-off versus Jason Akeson in neutral zone.
12:02 of 3rd period - Wrist shot by Stephane Da Costa.
12:02 of 3rd period - Stopped by Mike Smith with a rebound.
12:14 of 3rd period - Snap shot by Stephane Da Costa.
12:14 of 3rd period - Shot Blocked by Kevin Marshall.
12:51 of 3rd period - Stephane Da Costa is hit by Jerry D'Amigo.
13:07 of 3rd period - Wrist shot by Teemu Hartikainen.
13:07 of 3rd period - Shot Blocked by Luke Witkowski.
13:17 of 3rd period - Slapshot by Jerry D'Amigo.
13:17 of 3rd period - Shot Misses the Net.
13:19 of 3rd period - Wrist shot by Jerry D'Amigo.
13:19 of 3rd period - Shot Misses the Net.
13:31 of 3rd period - Snap shot by Craig Cunningham.
13:31 of 3rd period - Shot Misses the Net.
13:33 of 3rd period - Wrist shot by Sam Carrick.
13:33 of 3rd period - Goal by Sam Carrick - Sasquatch : 2 - Saguenéens : 6.
13:34 of 3rd period - Erik Haula wins face-off versus Josh Bailey in neutral zone.
13:42 of 3rd period - Snap shot by Tyler Kennedy.
13:42 of 3rd period - Shot Misses the Net.
13:44 of 3rd period - Snap shot by Mason Raymond.
13:44 of 3rd period - Stopped by Jake Allen without a rebound.
13:45 of 3rd period - Erik Haula wins face-off versus Josh Bailey in Sasquatch zone.
13:46 of 3rd period - Snap shot by Tyler Kennedy.
13:46 of 3rd period - Goal by Tyler Kennedy - Sasquatch : 2 - Saguenéens : 7.
13:47 of 3rd period - Josh Bailey wins face-off versus Erik Haula in neutral zone.
14:22 of 3rd period - Minor Penalty to Andy Andreoff for Holding.
14:23 of 3rd period - Drew Shore wins face-off versus Juraj Mikus in Sasquatch zone.
14:49 of 3rd period - Andrej Sustr is hit by Brett Lebda and loses puck.
15:22 of 3rd period - Wrist shot by Linus Omark.
15:22 of 3rd period - Stopped by Mike Smith with a rebound.
16:22 of 3rd period - Penalty to Andy Andreoff is over, Andy Andreoff is back on ice.
16:28 of 3rd period - Stephane Da Costa is hit by Craig Cunningham and loses puck.
16:44 of 3rd period - Snap shot by Linus Omark.
16:44 of 3rd period - Stopped by Mike Smith with a rebound.
16:46 of 3rd period - Slapshot by Jonathan Blum.
16:46 of 3rd period - Shot Blocked by Craig Cunningham.
16:48 of 3rd period - Slapshot by Nick Leddy.
16:48 of 3rd period - Stopped by Mike Smith with a rebound.
16:50 of 3rd period - Snap shot by Linus Omark.
16:50 of 3rd period - Stopped by Mike Smith with a rebound.
16:52 of 3rd period - Wrist shot by Linus Omark.
16:52 of 3rd period - Shot Blocked by Craig Cunningham.
17:18 of 3rd period - Backhand shot by Stephane Da Costa.
17:18 of 3rd period - Stopped by Mike Smith with a rebound.
17:20 of 3rd period - Slapshot by Stephane Da Costa.
17:20 of 3rd period - Shot Hit the Post.
17:32 of 3rd period - Slapshot by Linus Omark.
17:32 of 3rd period - Stopped by Mike Smith without a rebound.
17:33 of 3rd period - Juraj Mikus wins face-off versus Lars Eller in Saguenéens zone.
17:49 of 3rd period - Snap shot by Spencer Machacek.
17:49 of 3rd period - Shot Blocked by Michal Jordan.
18:39 of 3rd period - Wrist shot by Mason Raymond.
18:39 of 3rd period - Stopped by Jake Allen with a rebound.
18:53 of 3rd period - Wrist shot by Teemu Hartikainen.
18:53 of 3rd period - Shot Blocked by Erik Haula.
18:57 of 3rd period - Snap shot by Jesper Fast.
18:57 of 3rd period - Shot Misses the Net.
18:59 of 3rd period - Snap shot by Teemu Hartikainen.
18:59 of 3rd period - Shot Blocked by Roman Josi.
19:01 of 3rd period - Wrist shot by Jesper Fast.
19:01 of 3rd period - Shot Misses the Net.
19:03 of 3rd period - Slapshot by Michal Jordan.
19:03 of 3rd period - Shot Misses the Net.
19:05 of 3rd period - Slapshot by Michal Jordan.
19:05 of 3rd period - Shot Blocked by Dalton Prout.
19:07 of 3rd period - Wrist shot by Jesper Fast.
19:07 of 3rd period - Stopped by Mike Smith without a rebound.
19:08 of 3rd period - Lars Eller wins face-off versus Juraj Mikus in Saguenéens zone.
19:33 of 3rd period - Carl Hagelin is hit by Jason Akeson and loses puck.
Goals for this period are 1 for Sasquatch vs 4 for Saguenéens.
Shots for this period are 12 for Sasquatch vs 8 for Saguenéens.
Back to the Top